TOP OF THE 1ST |
New Orleans Looters batting - Pitching for El Dorado Oilers : RHP Mark Anderson
|
Pitching: RHP Mark Anderson
|
|
Batting: LHB Miguel Colón
|
0-0: Called Strike 0-1: Called Strike 0-2: Ball 1-2: Ball 2-2: Foul Ball, location: 2F 2-2: Strikes out looking
|
Batting: RHB Dave O'Loan
|
0-0: Called Strike 0-1: Ball 1-1: Swinging Strike 1-2: Ball 2-2: Foul Ball, location: 2F 2-2: Foul Ball, location: 2F 2-2: Ball 3-2: Foul Ball, location: 2F 3-2: Foul Ball, location: 2F 3-2: Foul Ball, location: 2F 3-2: Foul Ball, location: 2F 3-2: Base on Balls
|
Batting: SHB Arturo Sánchez
|
0-0: Ball 1-0: Fly out, F3 (Line Drive, 3S)
|
Batting: LHB Taylor Smith
|
0-0: Called Strike 0-1: Foul Ball, location: 2F 0-2: Fly out, F5 (Line Drive, 56S)
|
Top of the 1st over - 0 runs, 0 hits, 0 errors, 1 left on base; New Orleans 0 - El Dorado 0 |
BOTTOM OF THE 1ST |
El Dorado Oilers batting - Pitching for New Orleans Looters : RHP Anthony O'Connor
|
Pitching: RHP Anthony O'Connor
|
|
Batting: SHB Theron Harper
|
0-0: Called Strike 0-1: Foul Ball, location: 2F 0-2: Ground out 5-3 (Groundball, 56S)
|
Batting: LHB Ashley Pickhills
|
0-0: Foul Ball, location: 2F 0-1: Ball 1-1: Foul Ball, location: 2F 1-2: Foul Ball, location: 2F 1-2: Foul Ball, location: 2F 1-2: SINGLE (Groundball, 34D)
|
Batting: RHB Ernesto Acosta
|
0-0: SINGLE (Groundball, 6MD) Ashley Pickhills to second
|
Batting: LHB José Hernández
|
0-0: Called Strike 0-1: Ball Ashley Pickhills steals 3rd base Ernesto Acosta to second 1-1: SINGLE (Groundball, 4MD) Ashley Pickhills scores Ernesto Acosta to third Runner from 3rd tries for Home, SAFE, no throw
|
Batting: LHB Al Gaines
|
0-0: Fielders Choice at 2nd, 4-6 (Groundball, 4)
|
Batting: RHB Tony Hernández
|
0-0: Ball Al Gaines steals 2nd base 1-0: Swinging Strike 1-1: Ball 2-1: Ground out 1-3 (Groundball, 15)
|
Bottom of the 1st over - 2 runs, 3 hits, 0 errors, 1 left on base; New Orleans 0 - El Dorado 2 |
TOP OF THE 2ND |
New Orleans Looters batting - Pitching for El Dorado Oilers : RHP Mark Anderson
|
Batting: SHB Oliver Deleón
|
0-0: Foul Ball, location: 2F 0-1: Ball 1-1: Ground out 5-3 (Groundball, 5)
|
Batting: RHB Ramón Hernández
|
0-0: Foul Ball, location: 2F 0-1: Swinging Strike 0-2: Ball 1-2: SINGLE (Groundball, 56D)
|
Batting: LHB Eduardo Rodríguez
|
0-0: Called Strike 0-1: Ball 1-1: Ball 2-1: Foul Ball, location: 2F 2-2: Ball 3-2: Strikes out looking
|
Batting: RHB Dan Banks
|
0-0: Ball 1-0: Fielders Choice at 2nd, 6-4 (Groundball, 6)
|
Top of the 2nd over - 0 runs, 1 hit, 0 errors, 1 left on base; New Orleans 0 - El Dorado 2 |
BOTTOM OF THE 2ND |
El Dorado Oilers batting - Pitching for New Orleans Looters : RHP Anthony O'Connor
|
Batting: LHB Chris Miller
|
0-0: Ground out U3 (Groundball, 23)
|
Batting: RHB Bob Johnson
|
0-0: Fly out, F9 (Line Drive, 89M)
|
Batting: SHB Orlando Aguilar
|
0-0: Foul Ball, location: 2F 0-1: Foul Ball, location: 2F 0-2: Strikes out swinging
|
Bottom of the 2nd over - 0 runs, 0 hits, 0 errors, 0 left on base; New Orleans 0 - El Dorado 2 |
TOP OF THE 3RD |
New Orleans Looters batting - Pitching for El Dorado Oilers : RHP Mark Anderson
|
Batting: RHB Run-ming Zhu
|
0-0: SINGLE (Groundball, 6MD)
|
Batting: LHB Miguel Colón
|
0-0: Ball 1-0: Called Strike 1-1: Foul Ball, location: 2F 1-2: Strikes out swinging
|
Batting: RHB Dave O'Loan
|
0-0: Ball 1-0: Fly out, F6 (Popup, 6M)
|
Batting: SHB Arturo Sánchez
|
0-0: Called Strike 0-1: Ball 1-1: Ground out 4-3 (Groundball, 4)
|
Top of the 3rd over - 0 runs, 1 hit, 0 errors, 1 left on base; New Orleans 0 - El Dorado 2 |
BOTTOM OF THE 3RD |
El Dorado Oilers batting - Pitching for New Orleans Looters : RHP Anthony O'Connor
|
Batting: SHB Theron Harper
|
0-0: Bunted foul 0-1: Called Strike 0-2: Foul Ball, location: 2F 0-2: Ball 1-2: Strikes out looking
|
Batting: LHB Ashley Pickhills
|
0-0: Ball 1-0: Foul Ball, location: 2F 1-1: Ball 2-1: Swinging Strike 2-2: Strikes out swinging
|
Batting: RHB Ernesto Acosta
|
0-0: Ball 1-0: SINGLE (Groundball, 6MS) (infield hit)
|
Batting: LHB José Hernández
|
0-0: Ball 1-0: Called Strike 1-1: Foul Ball, location: 2F 1-2: SINGLE (Groundball, 34S) (infield hit) Ernesto Acosta to second
|
Batting: LHB Al Gaines
|
0-0: Foul Ball, location: 2F 0-1: SINGLE (Line Drive, 4MD) Ernesto Acosta to third José Hernández to second Runner from 3rd tries for Home, SAFE, no throw
|
Batting: RHB Tony Hernández
|
0-0: Ground out U3 (Groundball, 3S)
|
Bottom of the 3rd over - 1 run, 3 hits, 0 errors, 2 left on base; New Orleans 0 - El Dorado 3 |
TOP OF THE 4TH |
New Orleans Looters batting - Pitching for El Dorado Oilers : RHP Mark Anderson
|
Batting: LHB Taylor Smith
|
0-0: Swinging Strike 0-1: Ball 1-1: Ball 2-1: Ball 3-1: Called Strike 3-2: Strikes out looking
|
Batting: SHB Oliver Deleón
|
0-0: Reached on error, E3 (Groundball, 34)
|
Batting: RHB Ramón Hernández
|
0-0: Fly out, F3 (Line Drive, 34) Lined into DP, U3 (Line Drive, 34)
|
Top of the 4th over - 0 runs, 0 hits, 1 error, 0 left on base; New Orleans 0 - El Dorado 3 |
BOTTOM OF THE 4TH |
El Dorado Oilers batting - Pitching for New Orleans Looters : RHP Anthony O'Connor
|
Batting: LHB Chris Miller
|
0-0: Foul Ball, location: 2F 0-1: Foul Ball, location: 2F 0-2: SINGLE (Flyball, 9LS)
|
Batting: RHB Bob Johnson
|
0-0: Foul Ball, location: 2F 0-1: Ball 1-1: Foul Ball, location: 2F 1-2: Foul Ball, location: 2F 1-2: Foul Ball, location: 2F 1-2: Foul Ball, location: 2F 1-2: Ground out 5-3 (Groundball, 56S) Chris Miller to second
|
Batting: SHB Orlando Aguilar
|
0-0: Ball 1-0: Foul Ball, location: 2F 1-1: Foul Ball, location: 2F 1-2: Hit by Pitch
|
Batting: SHB Theron Harper
|
0-0: Ball 1-0: Ball 2-0: Called Strike 2-1: Called Strike 2-2: Strikes out swinging
|
Batting: LHB Ashley Pickhills
|
0-0: Ball 1-0: Ball 2-0: Fly out, F7 (Flyball, 78M)
|
Bottom of the 4th over - 0 runs, 1 hit, 0 errors, 2 left on base; New Orleans 0 - El Dorado 3 |
TOP OF THE 5TH |
New Orleans Looters batting - Pitching for El Dorado Oilers : RHP Mark Anderson
|
Batting: LHB Eduardo Rodríguez
|
0-0: Ball 1-0: Ball 2-0: Called Strike 2-1: Ball 3-1: Called Strike 3-2: Ground out 3-1 (Groundball, 34S)
|
Batting: RHB Dan Banks
|
0-0: Fly out, F4 (Popup, 4S)
|
Batting: RHB Run-ming Zhu
|
0-0: Ball 1-0: Called Strike 1-1: Swinging Strike 1-2: Hit by Pitch
|
Batting: LHB Miguel Colón
|
0-0: Ball 1-0: Called Strike 1-1: Swinging Strike Run-ming Zhu steals 2nd base 1-2: Ball 2-2: Foul Ball, location: 2F 2-2: Ball 3-2: Base on Balls
|
Batting: RHB Dave O'Loan
|
0-0: Fly out, F9 (Flyball, 9LS)
|
Top of the 5th over - 0 runs, 0 hits, 0 errors, 2 left on base; New Orleans 0 - El Dorado 3 |
BOTTOM OF THE 5TH |
El Dorado Oilers batting - Pitching for New Orleans Looters : RHP Anthony O'Connor
|
Batting: RHB Ernesto Acosta
|
0-0: Called Strike 0-1: Hit by Pitch
|
Batting: LHB José Hernández
|
0-0: Ball 1-0: Foul Ball, location: 2F 1-1: Ball 2-1: DOUBLE (Groundball, 3L) Ernesto Acosta to third
|
Batting: LHB Al Gaines
|
0-0: Intentional Walk
|
Batting: RHB Tony Hernández
|
0-0: Ball 1-0: Grounds into double play, 6-4-3 (Groundball, 6) Ernesto Acosta scores José Hernández to third
|
Batting: LHB Chris Miller
|
0-0: Ball 1-0: Ball 2-0: Called Strike 2-1: Ball 3-1: Base on Balls
|
Batting: RHB Bob Johnson
|
0-0: Ball 1-0: Foul Ball, location: 2F 1-1: Ball 2-1: Swinging Strike 2-2: Ball 3-2: Ground out U3 (Groundball, 34S)
|
Bottom of the 5th over - 1 run, 1 hit, 0 errors, 2 left on base; New Orleans 0 - El Dorado 4 |
TOP OF THE 6TH |
New Orleans Looters batting - Pitching for El Dorado Oilers : RHP Mark Anderson
|
Batting: SHB Arturo Sánchez
|
0-0: Ball 1-0: Ball 2-0: Ball 3-0: Called Strike 3-1: Foul Ball, location: 2F 3-2: SOLO HOME RUN (Flyball, 9D), Distance : 386 ft
|
Batting: LHB Taylor Smith
|
0-0: Ball 1-0: Ball 2-0: Ground out U3 (Groundball, 34)
|
Batting: SHB Oliver Deleón
|
0-0: Called Strike 0-1: Fly out, F6 (Line Drive, 6)
|
Batting: RHB Ramón Hernández
|
0-0: Called Strike 0-1: Called Strike 0-2: Ball 1-2: Foul Ball, location: 2F 1-2: Ball 2-2: SOLO HOME RUN (Line Drive, 7LD), Distance : 358 ft
|
Batting: LHB Eduardo Rodríguez
|
0-0: Ball 1-0: Called Strike 1-1: Foul Ball, location: 2F 1-2: Foul Ball, location: 2F 1-2: Foul Ball, location: 2F 1-2: Ball 2-2: Strikes out swinging
|
Top of the 6th over - 2 runs, 2 hits, 0 errors, 0 left on base; New Orleans 2 - El Dorado 4 |
BOTTOM OF THE 6TH |
El Dorado Oilers batting - Pitching for New Orleans Looters : RHP Anthony O'Connor
|
Pitching: RHP Fergus Wakeford
|
|
Batting: SHB Orlando Aguilar
|
0-0: Called Strike 0-1: Ball 1-1: Ball 2-1: Foul Ball, location: 2F 2-2: Ball 3-2: Ground out 6-3 (Groundball, 6)
|
Batting: SHB Theron Harper
|
0-0: Swinging Strike 0-1: Foul Ball, location: 2F 0-2: Ball 1-2: Foul Ball, location: 2F 1-2: Ball 2-2: Ground out 4-3 (Groundball, 4M)
|
Batting: LHB Ashley Pickhills
|
0-0: Ball 1-0: Called Strike 1-1: Ball 2-1: Fly out, F7 (Line Drive, 7)
|
Bottom of the 6th over - 0 runs, 0 hits, 0 errors, 0 left on base; New Orleans 2 - El Dorado 4 |
TOP OF THE 7TH |
New Orleans Looters batting - Pitching for El Dorado Oilers : RHP Mark Anderson
|
Pitching: RHP César López
|
|
Batting: RHB Dan Banks
|
0-0: Ball 1-0: Ground out U3 (Groundball, 3)
|
Batting: RHB Run-ming Zhu
|
0-0: Ball 1-0: Fly out, F7 (Flyball, 7S)
|
Batting: LHB Miguel Colón
|
0-0: Called Strike 0-1: Ball 1-1: Foul Ball, location: 2F 1-2: Reached via error on a dropped throw, E1
|
Batting: RHB Dave O'Loan
|
0-0: Called Strike Miguel Colón steals 2nd base 0-1: Foul Ball, location: 2F 0-2: Ball 1-2: Ball 2-2: Foul Ball, location: 2F 2-2: Ball 3-2: Strikes out swinging
|
Top of the 7th over - 0 runs, 0 hits, 1 error, 1 left on base; New Orleans 2 - El Dorado 4 |
BOTTOM OF THE 7TH |
El Dorado Oilers batting - Pitching for New Orleans Looters : RHP Fergus Wakeford
|
Batting: RHB Ernesto Acosta
|
0-0: Called Strike 0-1: Ball 1-1: Foul Ball, location: 2F 1-2: Foul Ball, location: 2F 1-2: Strikes out looking
|
Batting: LHB José Hernández
|
0-0: Ball 1-0: Ball 2-0: Ground out U3 (Groundball, 34S)
|
Batting: LHB Al Gaines
|
0-0: Ground out 1-3 (Groundball, 13S)
|
Bottom of the 7th over - 0 runs, 0 hits, 0 errors, 0 left on base; New Orleans 2 - El Dorado 4 |
TOP OF THE 8TH |
New Orleans Looters batting - Pitching for El Dorado Oilers : RHP César López
|
Batting: SHB Arturo Sánchez
|
0-0: SINGLE (Groundball, 6MD)
|
Batting: LHB Taylor Smith
|
0-0: Ball 1-0: Ball 2-0: Foul Ball, location: 2F 2-1: Swinging Strike 2-2: Grounds into double play, 4-6-3 (Groundball, 4)
|
Batting: SHB Oliver Deleón
|
0-0: Foul Ball, location: 2F 0-1: Called Strike 0-2: Ball 1-2: Ground out 6-3 (Groundball, 6)
|
Top of the 8th over - 0 runs, 1 hit, 0 errors, 0 left on base; New Orleans 2 - El Dorado 4 |
BOTTOM OF THE 8TH |
El Dorado Oilers batting - Pitching for New Orleans Looters : RHP Fergus Wakeford
|
Batting: RHB Tony Hernández
|
0-0: SINGLE (Line Drive, 6)
|
Batting: LHB Chris Miller
|
0-0: Ball 1-0: Bunt missed! 1-1: Sac Bunt - play at first, batter OUT! 1-4 Tony Hernández to second
|
Batting: RHB Bob Johnson
|
0-0: Ball 1-0: Called Strike 1-1: Ball 2-1: Foul Ball, location: 2F 2-2: Ground out 6-3 (Groundball, 6) Tony Hernández to third
|
Batting: SHB Orlando Aguilar
|
0-0: Called Strike 0-1: Ball 1-1: Foul Ball, location: 2F 1-2: SINGLE (Groundball, 34S) (infield hit) Tony Hernández scores
|
Batting: SHB Theron Harper
|
0-0: Reached via error on a dropped throw, E1 Orlando Aguilar to second
|
Batting: LHB Ashley Pickhills
|
0-0: Ball 1-0: SINGLE (Line Drive, 56) Orlando Aguilar to third Theron Harper to second
|
Batting: RHB Ernesto Acosta
|
0-0: Called Strike 0-1: Swinging Strike 0-2: Strikes out swinging
|
Bottom of the 8th over - 1 run, 3 hits, 1 error, 3 left on base; New Orleans 2 - El Dorado 5 |
TOP OF THE 9TH |
New Orleans Looters batting - Pitching for El Dorado Oilers : RHP César López
|
Pitching: RHP Kuang-yin Yue
|
|
Batting: RHB Ramón Hernández
|
0-0: Fly out, F9 (Flyball, 9S)
|
Batting: LHB Eduardo Rodríguez
|
0-0: Called Strike 0-1: Foul Ball, location: 2F 0-2: Ball 1-2: Fly out, F9 (Flyball, 9D)
|
Batting: RHB Dan Banks
|
0-0: Ball 1-0: Ball 2-0: Called Strike 2-1: Swinging Strike 2-2: Ball 3-2: Fly out, F3 (Flyball, 3D)
|
Top of the 9th over - 0 runs, 0 hits, 0 errors, 0 left on base; New Orleans 2 - El Dorado 5 |
|